 Dungeon Crawl Stone Soup version 0.27.1-33-g824d729ab1 (webtiles) character file.

Game seed: 13234880732638712529

31 comborobin the Twirler (level 3, 0/28 HPs)
             Began as a Palentonga Gladiator on Dec 27, 2021.
             Slain by a gnoll (4 damage)
             ... on level 2 of the Dungeon.
             The game lasted 00:01:02 (1284 turns).

comborobin the Twirler (Palentonga Gladiator)       Turns: 1284, Time: 00:01:03

Health: 0/28       AC:  5    Str: 17    XL:     3   Next: 7%
Magic:  3/3        EV: 10    Int:  8    God:
Gold:   82         SH:  0    Dex: 18    Spells: 2/2 levels left

rFire    . . .     SeeInvis +   a - +2 short sword (drain)
rCold    . . .     Faith    .   (no shield)
rNeg     . . .     Spirit   .   o - +0 leather armour
rPois    .         Reflect  .   c - +0 helmet
rElec    .         Harm     .   (no cloak)
rCorr    .         Rampage  .   (no gloves)
Will     .....                  (no barding)
Stlth    +.........             (no amulet)
HPRegen  0.09/turn              g - +6 ring of dexterity
MPRegen  0.08/turn              (no ring)

@: no status effects
A: large, rugged brown scales 3, see invisible, deformed body, roll 1, armoured
tail
a: Rolling Charge


You were on level 2 of the Dungeon.
You visited 1 branch of the dungeon, and saw 2 of its levels.

You collected 82 gold pieces.

Inventory:

Hand Weapons
 a - a +2 short sword of draining (weapon)
 b - a +0 quarterstaff
Missiles
 d - 3 throwing nets (quivered)
Armour
 c - a +0 helmet (worn)
 o - a +0 leather armour (worn)
Jewellery
 g - a +6 ring of dexterity (left hand)
Scrolls
 e - 2 scrolls of fog {unknown}
 f - a scroll of teleportation {unknown}
 h - a scroll of blinking {unknown}
 i - a scroll of amnesia {unknown}
Potions
 j - a potion of curing


   Skills:
 + Level 2.3 Fighting
 + Level 0.8 Short Blades
 - Level 3.4 Staves
 - Level 1.3 Throwing
 + Level 2.9 Dodging


You had 2 spell levels left.
You didn't know any spells.
Your spell library was empty.

Dungeon Overview and Level Annotations

Branches:
Dungeon (2/15)

Altars:


Innate Abilities, Weirdness & Mutations

You are completely covered in rugged brown scales. (AC +3, +7% HP)
You have supernaturally acute eyesight. (SInv)
Armour fits poorly on your strangely shaped body.
You can roll at nearby foes to attack.
You have a long armoured tail.


Message History

No target in view!
A frilled lizard comes into view.
A frilled lizard is nearby!
A frilled lizard is nearby!
A frilled lizard is nearby!
A frilled lizard is nearby!
You puncture the frilled lizard!
You kill the frilled lizard!
Found a robe.
No target in view!
You see here a +0 robe.
You open the door.
There is an open door here.
You see here a +0 robe.
Key pressed, stopping explore.
No target in view!
You see here a frilled lizard corpse.
A gnoll comes into view. It is wielding a +0 spear.
The gnoll shouts!
A gnoll comes into view. It is wielding a +0 spear.
There are monsters nearby!
The gnoll shouts!
A gnoll comes into view. It is wielding a +0 flail.
There are monsters nearby!
The gnoll hits you with a +0 spear.
There are monsters nearby!
You closely miss the gnoll. The gnoll hits you but does no damage.
The gnoll hits you from afar with a +0 spear.
You closely miss the gnoll.
Your tail-slap misses the gnoll.
The gnoll hits you but does no damage. The gnoll barely misses you.
The gnoll hits you from afar with a +0 spear.
The gnoll hits you from afar with a +0 spear.
There is a stone staircase leading up here.
The gnoll hits you with a +0 flail! The gnoll hits you but does no damage.
The gnoll closely misses you.
There is a stone staircase leading up, spattered with blood here.
The gnoll hits you with a +0 flail.
* * * LOW HITPOINT WARNING * * *
The gnoll hits you with a +0 spear.
You die...

#.#.# ## #.#.###. ..
#...... .# #...# ###.###
#...#######.....#
#####........##.....##
####...........g#.......#
..............gg@.......#
####............#.......#
#####...####.##.....##
#........##.....#
#...######......## #...#
#..)...... ##.##
#.#....... #.# #.#.##.##.
#.# #......##


You could see 3 gnolls.

Vanquished Creatures
  An adder (D:2)
  A dart slug (D:2)
  2 endoplasms
  5 goblins (D:1)
  3 hobgoblins (D:1)
  2 ball pythons (D:1)
  3 bats (D:1)
  3 frilled lizards
  A kobold (D:1)
21 creatures vanquished.

Notes
Turn   | Place    | Note
-------+----------+-------------------------------------------
     0 | D:1      | comborobin the Palentonga Gladiator began the quest for the
                  | Orb.
     0 | D:1      | Reached XP level 1. HP: 17/17 MP: 1/1
   293 | D:1      | Reached XP level 2. HP: 19/23 MP: 2/2
  1074 | D:2      | Reached XP level 3. HP: 25/28 MP: 3/3
  1284 | D:2      | Slain by a gnoll

Illustrated notes

Levels and vault maps discovered:
D:1:      dpeg_arrival_round_c, layout_basic, dk_noncrumbling_2
D:2:      layout_loops_cross, minmay_liquid_box, uniq_crazy_yiuf_cottage

Action                   || total
-------------------------++-------
Melee: Quarterstaff      ||    25
       Short sword       ||    24
       Tailslap          ||     4
  Use: Potion            ||     1
Armor: Leather armour    ||    25
Dodge: Dodged            ||    31
